 Dungeon Crawl Stone Soup version 0.19.5 (webtiles) character file.

411835 Lizzreth the Merfolkian Porcupine (level 23, -12/211 HPs)
             Began as a Merfolk Berserker on Mar 21, 2017.
             Was a High Priest of Trog.
             Killed from afar by dxctxrx's ghost (42 damage)
             ... with an iron shot
             ... on level 5 of the Vaults.
             The game lasted 06:02:42 (51774 turns).

Lizzreth the Merfolkian Porcupine (MfBe)           Turns: 51774, Time: 06:02:44

Health: -12/211    AC: 45    Str: 32    XL:     23   Next: 52%
Magic:  0/29       EV: 13    Int: 15    God:    Trog [*****.]
Gold:   1841       SH:  0    Dex: 12    Spells: 0 memorised, 22 levels left

rFire  . . .     SeeInvis .     U - +12 glaive "Ojaac" {distort, Fragile rElec Int+7 Dex+2}
rCold  + + +     Gourm    .     a - +7 plate armour "Foruuw" {rC++ rCorr MP+9 Dex-5}
rNeg   + . .     Faith    .     (shield currently unavailable)
rPois  +         Spirit   +     W - +2 hat of the Bear Spirit {Spirit, +Rage rN+ MR++}
rElec  +         Reflect  .     D - +2 cloak
rCorr  +         Harm     .     J - +2 pair of gloves
MR     +++++                    f - +2 pair of boots {run}
Stlth  ..........               C - amulet of regeneration
                                E - ring of the Dolphin {+Fly rPois rC+ Str+6 Stlth-}
                                F - ring of Robustness {AC+8}

@: exhausted, about to teleport, very slightly contaminated, regenerating,
hasted and slowed, studying Axes, heavily drained, quick
A: change form in water, swift swim, stealthy swim, low mp 1, regeneration 1,
electricity resistance, strong 1, no device heal 2
a: Berserk, Trog's Hand, Brothers in Arms, Burn Spellbooks, Renounce Religion,
Evoke Berserk Rage, Evoke Flight
}: 2/15 runes: serpentine, barnacled


You were on level 5 of the Vaults.
You worshipped Trog.
Trog was extremely pleased with you.
You were very hungry.

You visited 7 branches of the dungeon, and saw 39 of its levels.
You also visited: Labyrinth.

You collected 4757 gold pieces.
You spent 2916 gold pieces at shops.

Inventory:

Hand Weapons
 k - a +8 glaive of holy wrath
 H - a +9 halberd of freezing
 N - the +5 bardiche of Anarchy {flame, rC- rN+ Dex+6}
   (Trog gifted it to you on level 9 of the Dungeon)

   It has been specially enchanted to burn those struck by it, causing extra
   injury to most foes and up to half again as much damage against particularly
   susceptible opponents.
   Big, fiery blades are also staple armaments of hydra-hunters.
   It affects your dexterity (+6).
   It makes you vulnerable to cold.
   It protects you from negative energy.
 U - the +12 glaive "Ojaac" (weapon) {distort, Fragile rElec Int+7 Dex+2}
   (Trog gifted it to you on level 3 of the Elven Halls)

   It warps and distorts space around it.
   Unwielding it can cause banishment or high damage.
   It affects your intelligence (+7).
   It affects your dexterity (+2).
   It insulates you from electricity.
   It will be destroyed if unequipped.
Armour
 a - the +7 plate armour "Foruuw" (worn) {rC++ rCorr MP+9 Dex-5}
   (You bought it in a shop on level 7 of the Dungeon)

   It affects your dexterity (-5).
   It greatly protects you from cold.
   It affects your magic capacity (+9).
   It protects you from acid and corrosion.
 f - a +2 pair of boots of running (worn)
 z - +0 fire dragon scales
 D - a +2 cloak (worn)
 J - a +2 pair of gloves (worn)
 W - the +2 hat of the Bear Spirit (worn) {Spirit, +Rage rN+ MR++}
   (You bought it in a shop on level 2 of the Orcish Mines)

   It protects you from negative energy.
   It affects your resistance to hostile enchantments.
   It lets you go berserk.
Jewellery
 n - an uncursed ring of positive energy
 y - the amulet "Neoj Pyt" {Faith rC+}
   (You found it on level 1 of the Shoals)

   [amulet of faith]

   It allows you to gain divine favour quickly.
   It protects you from cold.
 C - an amulet of regeneration (around neck)
 E - the ring of the Dolphin (right hand) {+Fly rPois rC+ Str+6 Stlth-}
   (You found it on level 3 of the Shoals)

   [ring of flight]

   It affects your strength (+6).
   It protects you from cold.
   It protects you from poison.
   It lets you fly.
   It makes you less stealthy.
 F - the ring of Robustness (left hand) {AC+8}
   (You found it in a labyrinth)

   [ring of protection]

   It affects your AC (+8).
 T - an uncursed ring of protection from fire
Wands
 t - a wand of iceblast (5/15)
 v - a wand of iceblast (6/15)
 A - a wand of digging (4/24)
 K - a wand of teleportation (3/9)
Scrolls
 d - 7 scrolls of recharging
 e - 7 scrolls of enchant weapon
 g - 23 scrolls of remove curse
 i - 3 scrolls of silence
 m - 9 scrolls of identify
 o - 2 scrolls of holy word
 q - 6 scrolls of magic mapping
 s - 10 scrolls of teleportation
 O - 4 scrolls of fear
 Q - 3 scrolls of fog
 X - a scroll of enchant armour
Potions
 b - 2 potions of agility
 j - a potion of curing
 l - 3 potions of cure mutation
 p - 4 potions of haste
 r - 6 potions of lignification
 u - 4 potions of invisibility
 x - 2 potions of berserk rage
 B - 2 potions of ambrosia
 M - 8 potions of flight
 S - a potion of resistance
 V - 2 potions of brilliance
 Z - 6 potions of might
Books
 I - a manual of Axes
Comestibles
 c - 3 bread rations
 w - 14 meat rations
 G - 8 beef jerkies
 L - 43 fruits
 P - 2 slices of pizza
 R - 19 royal jellies


   Skills:
 + Level 24.7(22.2) Fighting
 O Level 27(24.4) Polearms
 - Level 18.0(15.8) Armour
 - Level 12.0(10.1) Dodging


You had 22 spell levels left.
You didn't know any spells.

Dungeon Overview and Level Annotations

Branches:
Dungeon (15/15)            Temple (0/1) D:5            Lair (6/6) D:8
 Shoals (4/4) Lair:2        Snake (4/4) Lair:2        Slime (0/5) Lair:6
    Orc (2/2) D:10            Elf (3/3) Orc:2        Vaults (5/5) D:14
 Depths (0/5) D:15
  Crypt: Vaults:2-3

Altars:
Kikubaaqudgha
Makhleb
Nemelex Xobeh
Ru
Trog
Uskayaw
Vehumet
Beogh

Shops:
D:5 }   D:7 [   D:10 }   D:11 *   D:15 :   Orc:2 [(*:   Elf:1 %   Shoals:1 *
Shoals:4 *   Snake:1 (   Vaults:3 (   Vaults:4 }

Annotations:
Lair:1 exclusion: 3 oklob plants
Snake:2 senny's ghost, journeyman MiBe
Vaults:5 dxctxrx's ghost, master GrEE
Abyss:1 Ilsuiw; Vashnia


Innate Abilities, Weirdness & Mutations

You revert to your normal form in water.
You are very nimble and swift while swimming.
You are very stealthy in the water. (Stealth+)
Your magical capacity is low. (-10% MP)
Your natural rate of healing is unusually fast.
You are resistant to electric shocks. (rElec)
Your muscles are strong. (Str +2)
Potions and wands are poor at restoring your health.


Message History

You feel strangely unstable.
The deep elf high priest utters a dark prayer and points at you.
Your life force is offered up.
* * * LOW HITPOINT WARNING * * *
The shadow dragon breathes negative energy at you.
The bolt of negative energy hits you! You partially resist.
You feel drained.
An orc warlord comes into view. It is wielding an enchanted battleaxe.
Your system partially rejects the healing.
You feel much better.
The orc warlord roars a battlecry!
The orcs go into a battle-frenzy!
The deep elf mage gestures at you while chanting.
The bolt of magma misses the orc warrior.
The bolt of magma hits you!
The vault sentinel blows a loud note on a signal horn!
The shadow dragon breathes negative energy at you.
The bolt of negative energy hits you! You partially resist.
You feel drained.
Dxctxrx's ghost gestures at you while chanting.
The iron shot hits you!
You die...

#....#..## .###....#...#
........#... .......e...
.......o..###################
........oo........$....).....
.....<<(.CeD.......s..s.).)..
..ยง.<).o..oo...Dp....(.)))(..
.....<<.oocW@..e...p..p.up)D.
##...o...o###################
..........o. ...#....#.... #.
#....#...... . #....#....H#
#....#....#.


You could see a shadow dragon, an iron dragon, an orc warlord, a vault warden, a
yaktaur captain, an ettin, a vault sentinel, a deep elf high priest, an orb
spider shaped shifter, 2 deep elf magi, 3 orc warriors, an orc priest, dxctxrx's
ghost and 5 orcs.

Vanquished Creatures
  Mara (Elf:3)
  Nikola (Elf:1)
  2 deep elf blademasters
  A titan (Vaults:5)
  A quicksilver dragon (Vaults:5)
  Agnes (D:15)
  Gastronok (Lair:2)
  3 sphinxes
  A tengu reaver (Vaults:5)
  7 nagarajas (Snake:4)
  Aizul (Snake:1)
  7 deep elf sorcerers
  An orc warlord (D:14)
  7 vault wardens
  Louise (Snake:3)
  3 deep elf elementalists
  The ghost of Dustman the Markscentaur, a journeyman CeHu of Fedhas (Elf:1)
  8 ironheart preservers
  A very ugly thing (Vaults:4)
  5 stone giants
  A war gargoyle (Vaults:1)
  An entropy weaver (Vaults:1)
  8 deep elf demonologists
  7 deep elf annihilators
  3 ettins (Orc:2)
  3 merfolk javelineers
  8 deep elf death magi (Elf:3)
  A minotaur (Lab)
  A crystal guardian (Vaults:3)
  2 fire dragons
  8 merfolk impalers
  2 deep elf high priests (Elf:3)
  25 vault guards
  Erolcha (D:9)
  16 naga warriors
  7 yaktaur captains
  Harold (D:12)
  3 catoblepae
  6 ice dragons
  Erica (D:8)
  7 merfolk avatars
  9 anacondas
  2 rakshasas
  9 centaur warriors
  10 hydras
  2 merfolk aquamancers
  An alligator snapping turtle (Shoals:4)
  A satyr (Shoals:3)
  34 dancing weapons
  The ghost of inmateoo the Cleaver, a journeyman TeWn of Okawaru (D:11)
  3 death yaks (Lair:6)
  3 orc high priests
  26 naga sharpshooters
  5 ogre magi
  2 deep troll earth magi (Vaults:1)
  8 shock serpents
  2 salamander mystics
  27 deep elf knights
  A fire crab (Lair:6)
  6 skeletal warriors
  2 wizards (Vaults:1)
  14 sea snakes
  A death drake (shapeshifter) (Vaults:4)
  4 deep trolls
  16 deep elf archers
  3 glowing orange brains
  A necromancer (Vaults:3)
  A hill giant (shapeshifter) (Vaults:4)
  Pikel (D:6)
  6 unseen horrors
  11 naga ritualists
  10 hill giants
  2 flayed ghosts
  11 ironbrand convokers
  26 harpies
  15 mana vipers
  6 orc sorcerers
  15 orc knights
  25 cyclopes
  10 fauns
  71 deep elf magi
  5 wolf spiders
  25 ugly things
  12 manticores
  2 elephants (Lair:6)
  Maurice (D:9)
  9 salamanders
  33 black mambas
  9 sirens
  2 guardian serpents (shapeshifter)
  6 guardian serpents
  3 water nymphs
  Joseph (D:10)
  12 spiny frogs
  7 vault sentinels
  14 naga magi
  3 gargoyles
  3 rime drakes (shapeshifter)
  3 spiny frogs (shapeshifter)
  11 komodo dragons
  A kobold demonologist (D:14)
  11 rime drakes
  41 yaktaurs
  6 freezing wraiths
  2 human skeletons (Vaults:3)
  7 harpy zombies (Shoals:2)
  2 queen bees
  37 merfolk
  A queen bee (shapeshifter) (Elf:1)
  5 wind drakes
  Prince Ribbit (D:6)
  7 trolls
  11 two-headed ogres
  3 hornets
  24 blink frogs
  27 slime creatures
  7 snapping turtles
  11 dream sheep
  23 hippogriffs
  A meliai zombie (D:10)
  7 air elementals
  A tarantella (Vaults:1)
  Sigmund (D:3)
  3 wraiths
  4 shadows
  A vampire (D:12)
  11 water elementals
  59 yaks
  13 wyverns
  Grum (D:8)
  Eustachio (D:4)
  2 vampire mosquitoes (D:14)
  3 fire elementals
  2 steam dragons
  A human simulacrum (Vaults:3)
  4 hungry ghosts
  6 basilisks
  23 wargs
  6 mottled dragons
  60 nagas
  A soldier ant (D:13)
  7 water moccasins
  6 porcupines
  A hell hound (Lair:4)
  30 orc warriors
  3 sky beasts
  11 ice beasts
  A hornet zombie (D:8)
  A slave (D:6)
  2 swamp drakes (Lair:6)
  3 necrophages
  A black bear (D:7)
  6 phantoms
  An elf zombie (Vaults:3)
  An ogre (shapeshifter) (Elf:1)
  25 ogres
  24 wolves
  29 centaurs
  16 crocodiles
  Blork the orc (D:6)
  4 big kobolds
  22 bullfrogs
  A gnoll sergeant (D:9)
  2 earth elementals
  4 scorpions
  A water moccasin skeleton (D:8)
  6 wights
  49 killer bees
  An electric eel (Lair:4)
  A howler monkey (D:9)
  2 crimson imps
  3 centaur zombies
  A quasit (D:11)
  2 bullfrog zombies
  Crazy Yiuf (D:3)
  7 hounds
  18 orc priests
  4 centaur skeletons
  7 jellies
  21 orc wizards
  2 bullfrog skeletons
  13 iguanas
  Natasha (thrice) (D:3)
  Terence (D:2)
  11 worker ants
  3 worker ant zombies
  Robin (D:3)
  5 gnolls (D:9)
  13 adders
  A river rat (Lair:6)
  4 shadow imps
  2 oozes
  5 worms
  A dart slug (D:3)
  9 leopard geckos
  106 orcs
  3 ball pythons
  5 bats
  A bat zombie (Shoals:2)
  4 giant cockroaches
  13 goblins
  11 hobgoblins
  11 jackals
  11 kobolds
  6 quokkas
  A ball python skeleton (D:6)
  3 frilled lizards
  A leopard gecko skeleton (D:7)
  2 quokka skeletons
  12 rats
  A bush (Shoals:1)
  A fungus (Orc:2)
  7 plants
1767 creatures vanquished.

Vanquished Creatures (collateral kills)
  2 orc warriors (Orc:1)
  An ogre (Orc:1)
3 creatures vanquished.

Vanquished Creatures (others)
  A deep elf blademaster (Elf:3)
  A deep elf master archer (Elf:3)
  A nagaraja (Snake:4)
  4 deep elf sorcerers (Elf:3)
  A deep elf elementalist (Elf:3)
  4 vault wardens
  A merfolk impaler (Shoals:3)
  2 vault guards (Vaults:4)
  2 naga warriors (Snake:2)
  2 naga sharpshooters
  2 ogre magi
  A skeletal warrior (Vaults:1)
  2 ironbrand convokers
  3 deep elf archers
  A wizard (Vaults:1)
  A hill giant (Vaults:1)
  An orc knight (Vaults:5)
  3 harpies
  A stone giant zombie (Vaults:3)
  2 mana vipers
  A deep elf mage (Elf:2)
  A siren (Shoals:1)
  2 fauns
  A naga mage (Snake:4)
  3 black mambas
  A vault sentinel (Vaults:4)
  2 yaktaurs (Vaults:1)
  3 merfolk
  2 snapping turtles
  An air elemental (Elf:1)
  A water elemental (Shoals:3)
  7 nagas
  A crocodile (D:15)
  2 orcs
  14 fungi
  46 plants
  4 tentacles (Shoals:3)
128 creatures vanquished.

Grand Total: 1898 creatures vanquished

Notes
Turn   | Place    | Note
-------+----------+-------------------------------------------
     0 | D:1      | Lizzreth the Merfolk Berserker began the quest for the Orb.
     0 | D:1      | Reached XP level 1. HP: 18/18 MP: 1/1
   410 | D:1      | Reached skill level 5 in Polearms
   481 | D:1      | Reached XP level 2. HP: 19/24 MP: 2/2
  1316 | D:2      | Noticed Terence
  1367 | D:2      | Reached skill level 6 in Polearms
  1367 | D:2      | Reached XP level 3. HP: 20/29 MP: 3/3
  1370 | D:2      | Killed Terence
  1413 | D:2      | Reached XP level 4. HP: 25/35 MP: 4/4
  1553 | D:2      | Reached skill level 7 in Polearms
  1773 | D:2      | Reached ** piety under Trog
  2261 | D:3      | Noticed Robin
  2311 | D:3      | Killed Robin
  2311 | D:3      | Reached skill level 8 in Polearms
  2588 | D:3      | Reached XP level 5. HP: 41/41 MP: 5/5
  3166 | D:3      | Reached skill level 9 in Polearms
  3221 | D:3      | Noticed Natasha
  3233 | D:3      | Killed Natasha
  3233 | D:3      | Reached XP level 6. HP: 16/47 MP: 6/6
  3516 | D:3      | Noticed Sigmund
  3521 | D:3      | Killed Sigmund
  3521 | D:3      | Reached skill level 10 in Polearms
  3567 | D:3      | Noticed a hungry ghost
  3576 | D:3      | Reached skill level 11 in Polearms
  3576 | D:3      | Reached XP level 7. HP: 39/52 MP: 7/7
  3601 | D:3      | Killed a hungry ghost
  3678 | D:3      | Noticed Natasha
  3683 | D:3      | Killed Natasha
  3683 | D:3      | Reached *** piety under Trog
  3791 | D:3      | Found a runed door.
  3873 | D:3      | Noticed Natasha
  3878 | D:3      | Killed Natasha
  3971 | D:3      | Noticed Crazy Yiuf
  3977 | D:3      | Killed Crazy Yiuf
  3977 | D:3      | Reached skill level 12 in Polearms
  4724 | D:4      | Noticed Eustachio
  4736 | D:4      | Killed Eustachio
  4736 | D:4      | Reached XP level 8. HP: 58/58 MP: 8/8
  4781 | D:4      | Found a hide-covered altar of Uskayaw.
  4781 | D:4      | Found a bloodstained altar of Trog.
  4895 | D:4      | Reached skill level 13 in Polearms
  5116 | D:5      | Entered Level 5 of the Dungeon
  5132 | D:5      | Found a burning altar of Makhleb.
  5207 | D:5      | Found Ynupas's Gadget Emporium.
  5324 | D:5      | Reached skill level 14 in Polearms
  5674 | D:5      | Found a staircase to the Ecumenical Temple.
  5843 | D:5      | Reached **** piety under Trog
  6183 | D:6      | Reached skill level 15 in Polearms
  6326 | D:6      | Reached XP level 9. HP: 56/64 MP: 9/9
  6376 | D:6      | Got a sheer robe
  6378 | D:6      | Identified the +3 robe of the Saviour {rPois Dex-3 SInv} (You found it on level 6 of the Dungeon)
  6404 | D:6      | Noticed Prince Ribbit
  6416 | D:6      | Killed Prince Ribbit
  6424 | D:6      | Reached skill level 16 in Polearms
  6500 | D:6      | Noticed Blork the orc
  6504 | D:6      | Killed Blork the orc
  6504 | D:6      | Reached skill level 5 in Fighting
  6688 | D:6      | Noticed Pikel
  6714 | D:6      | Killed Pikel
  6997 | D:6      | Found an ancient bone altar of Kikubaaqudgha.
  7098 | D:7      | Reached ***** piety under Trog
  7098 | D:7      | Reached XP level 10. HP: 82/82 MP: 10/10
  7138 | D:7      | Found Onuilec's Antique Armour Emporium.
  7386 | D:7      | Found a radiant altar of Vehumet.
  7804 | D:7      | Reached XP level 11. HP: 100/100 MP: 11/11
  7939 | D:8      | Found a staircase to the Lair.
  8142 | D:8      | Noticed a moth of wrath
  8143 | D:8      | Noticed Grum
  8146 | D:8      | Reached skill level 5 in Dodging
  8155 | D:8      | Killed Grum
  8172 | D:8      | Found a bloodstained altar of Trog.
  8457 | D:8      | Noticed Erica
  8464 | D:8      | Killed Erica
  8692 | D:9      | Received a gift from Trog
  8693 | D:9      | Got a faintly glowing bardiche {god gift}
  8694 | D:9      | Identified the +5 bardiche of Anarchy {flame, rC- rN+ Dex+6} (Trog gifted it to you on level 9 of the Dungeon)
  8699 | D:9      | Noticed Maurice
  8707 | D:9      | Killed Maurice
  8710 | D:9      | Noticed a cyclops
  8715 | D:9      | Killed a cyclops
  8783 | D:9      | Noticed Erolcha
  8788 | D:9      | Killed Erolcha
  9315 | D:9      | Reached skill level 5 in Armour
  9398 | D:9      | Found an ancient bone altar of Kikubaaqudgha.
  9398 | D:9      | Found a sparkling altar of Nemelex Xobeh.
  9558 | D:10     | Entered Level 10 of the Dungeon
  9562 | D:10     | Found Licsad's Gadget Emporium.
  9688 | D:10     | Noticed a hill giant
  9691 | D:10     | Killed a hill giant
  9761 | D:10     | Reached XP level 12. HP: 99/107 MP: 12/12
  9978 | D:10     | Noticed Joseph
  9987 | D:10     | Killed Joseph
 10161 | D:10     | Found a staircase to the Orcish Mines.
 10196 | D:10     | Reached ****** piety under Trog
 10617 | D:11     | Noticed inmateoo's ghost (journeyman TeWn)
 10845 | D:11     | Found Kenep's Assorted Antiques.
 10862 | D:11     | Bought a scroll labeled JIF ATAEFI for 28 gold pieces
 10969 | D:11     | Killed inmateoo's ghost
 11379 | D:11     | Noticed a four-headed hydra
 11386 | D:11     | Killed an eight-headed hydra
 11515 | D:11     | Received a gift from Trog
 11860 | D:12     | Noticed a centaur warrior
 11866 | D:12     | Killed a centaur warrior
 11993 | D:12     | Reached XP level 13. HP: 100/113 MP: 13/13
 12184 | D:12     | Reached skill level 10 in Armour
 12195 | D:12     | Noticed Harold
 12208 | D:12     | Killed Harold
 12781 | D:13     | Received a gift from Trog
 14902 | D:14     | Reached XP level 14. HP: 75/120 MP: 14/14
 14911 | D:14     | Received a gift from Trog
 15629 | D:14     | Found a gate to the Vaults.
 15656 | D:14     | Received a gift from Trog
 16291 | D:14     | Noticed an orc warlord
 16306 | D:14     | Killed an orc warlord
 16307 | D:14     | Paralysed by an orc for 7 turns
 16475 | D:14     | Found a sacrificial altar of Ru.
 16547 | D:14     | Received a gift from Trog
 16656 | D:15     | Entered Level 15 of the Dungeon
 16684 | D:15     | Found a labyrinth entrance.
 16692 | D:15     | Found Wel Walub's Book Emporium.
 16700 | Lab      | Entered a labyrinth
 17598 | Lab      | Got a brightly glowing spear
 17599 | Lab      | Identified the +5 spear "Yjann" {flame, Fragile Dex+4} (You found it in a labyrinth)
 17862 | D:7      | Bought a jewelled plate armour for 896 gold pieces
 17872 | D:7      | Identified the +7 plate armour "Foruuw" {rC++ rCorr MP+9 Dex-5} (You bought it in a shop on level 7 of the Dungeon)
 17995 | Lair:1   | Entered Level 1 of the Lair of Beasts
 19157 | Lair:2   | Reached XP level 15. HP: 122/126 MP: 15/15
 19201 | Lair:2   | Noticed Gastronok
 19212 | Lair:2   | Killed Gastronok
 19270 | Lair:2   | Received a gift from Trog
 19531 | Lair:2   | Found a staircase to the Snake Pit.
 19546 | Lair:2   | Found a staircase to the Shoals.
 19986 | Lair:3   | Gained mutation: Your spells are a little easier to cast, but a little less powerful. [potion of mutation]
 19986 | Lair:3   | Gained mutation: Your muscles are strong. (Str +2) [potion of mutation]
 19986 | Lair:3   | Lost mutation: Your muscles are strong. (Str +2) [potion of mutation]
 20162 | Lair:3   | Reached skill level 15 in Armour
 21547 | Lair:4   | Received a gift from Trog
 22420 | Lair:6   | Entered Level 6 of the Lair of Beasts
 22610 | Lair:6   | Found a staircase to the Slime Pits.
 22932 | Lair:6   | HP: 5/126 [wolf (17)]
 23531 | Lair:6   | Reached XP level 16. HP: 131/133 MP: 16/16
 24102 | Lair:6   | Received a gift from Trog
 25073 | Orc:1    | Entered Level 1 of the Orcish Mines
 25412 | Orc:1    | Received a gift from Trog
 25825 | Orc:2    | Entered Level 2 of the Orcish Mines
 25889 | Orc:2    | Found a roughly hewn altar of Beogh.
 25973 | Orc:2    | Found Douga's Antique Armour Boutique.
 26004 | Orc:2    | Found a staircase to the Elven Halls.
 26006 | Orc:2    | Found Hegil's Antique Weapon Shop.
 26324 | Orc:2    | Found Ykkabyir's General Store.
 26710 | Orc:2    | Bought the +2 hat of the Bear Spirit {Spirit, +Rage rN+ MR++} for 1212 gold pieces
 26829 | Orc:2    | Found Tenolex's Book Emporium.
 27218 | Elf:1    | Entered Level 1 of the Elven Halls
 27233 | Elf:1    | Received a gift from Trog
 28016 | Elf:1    | Noticed Dustman's ghost (journeyman CeHu)
 28034 | Elf:1    | Killed Dustman's ghost
 28097 | Elf:1    | Reached XP level 17. HP: 139/139 MP: 17/17
 28230 | Elf:1    | Noticed an Ice Fiend
 28594 | Elf:1    | Reached skill level 17 in Polearms
 28962 | Elf:1    | Noticed Nikola
 28975 | Elf:1    | Killed Nikola
 29020 | Elf:1    | Found Ipuups's Food Boutique.
 29267 | Elf:2    | Received a gift from Trog
 29267 | Elf:2    | Reached skill level 18 in Polearms
 29707 | Elf:2    | Reached skill level 19 in Polearms
 29871 | Elf:2    | Received a gift from Trog
 30209 | Elf:2    | Noticed a Tzitzimitl
 30213 | Elf:2    | Noticed a Brimstone Fiend
 30539 | Elf:2    | Reached skill level 20 in Polearms
 30587 | Elf:2    | Found a runed gate.
 30587 | Elf:2    | Found a runed gate.
 30600 | Elf:2    | Found a runed gate.
 30787 | Elf:2    | Received a gift from Trog
 30964 | Elf:2    | Reached skill level 21 in Polearms
 30976 | Elf:2    | Reached XP level 18. HP: 107/146 MP: 18/18
 31191 | Elf:2    | Noticed a deep elf blademaster
 31208 | Elf:2    | Killed a deep elf blademaster
 31949 | Elf:3    | Entered Level 3 of the Elven Halls
 31992 | Elf:3    | Reached skill level 22 in Polearms
 32023 | Elf:3    | Received a gift from Trog
 32253 | Elf:3    | Got a dazzling glaive {god gift}
 32254 | Elf:3    | Identified the +12 glaive "Ojaac" {distort, Fragile rElec Int+7 Dex+2} (Trog gifted it to you on level 3 of the Elven Halls)
 32274 | Elf:3    | Noticed Mara
 32280 | Elf:3    | Noticed Lizzreth's illusion
 32720 | Elf:3    | Noticed Lizzreth's illusion
 32723 | Elf:3    | Killed Mara
 32723 | Elf:3    | Reached skill level 23 in Polearms
 32877 | Elf:3    | Noticed a deep elf blademaster
 32879 | Elf:3    | Noticed a deep elf blademaster
 32980 | Elf:3    | Banished a deep elf blademaster
 33001 | Elf:3    | Received a gift from Trog
 33019 | Elf:3    | Killed a deep elf blademaster
 33026 | Elf:3    | Killed a ghostly deep elf blademaster
 33161 | Elf:3    | Reached skill level 24 in Polearms
 33269 | Elf:3    | Noticed a deep elf master archer
 33272 | Elf:3    | Noticed a deep elf master archer
 33718 | Elf:3    | Noticed a Tzitzimitl
 33732 | Elf:3    | Reached XP level 19. HP: 103/152 MP: 18/19
 33999 | Elf:3    | Noticed an Ice Fiend
 34028 | Elf:3    | Reached skill level 25 in Polearms
 34362 | Elf:3    | Got a warped emerald amulet
 34363 | Elf:3    | Identified the amulet of the Spinneret {Faith +Blink MR- Str+4 Stlth+} (You took it off a deep elf annihilator on level 3 of the Elven Halls)
 34429 | Elf:3    | Identified a +2 pair of boots of running (You found it on level 3 of the Elven Halls)
 34445 | Elf:3    | Received a gift from Trog
 34565 | Elf:3    | Noticed an Ice Fiend
 34623 | Elf:3    | Got a clouded lapis lazuli ring
 34624 | Elf:3    | Identified the ring of Pilutykof {Fire rPois} (You took it off a deep elf sorcerer on level 3 of the Elven Halls)
 34798 | Orc:2    | Bought a scroll of acquirement for 780 gold pieces
 34801 | Orc:2    | Got a flickering lead ring
 34802 | Orc:2    | Identified the ring "Penleazyin" {+Fly Str+5} (You acquired it on level 2 of the Orcish Mines)
 35085 | Shoals:1 | Entered Level 1 of the Shoals
 35633 | Shoals:1 | Reached skill level 26 in Polearms
 35637 | Shoals:1 | Received a gift from Trog
 35767 | Shoals:1 | Got a shimmering pewter amulet
 35768 | Shoals:1 | Identified the amulet "Neoj Pyt" {Faith rC+} (You found it on level 1 of the Shoals)
 35807 | Shoals:1 | Found Reaveckenk's Assorted Antiques.
 36041 | Shoals:1 | Got a scorched animal skin
 36042 | Shoals:1 | Identified the cursed +0 animal skin "Doepric" {rPois MR+ Regen+} (You found it on level 1 of the Shoals)
 37270 | Shoals:3 | Reached skill level 27 in Polearms
 37342 | Shoals:3 | Got a twitching marble ring
 37343 | Shoals:3 | Identified the ring of the Dolphin {+Fly rPois rC+ Str+6 Stlth-} (You found it on level 3 of the Shoals)
 38093 | Shoals:3 | Reached skill level 10 in Dodging
 38323 | Shoals:4 | Entered Level 4 of the Shoals
 38323 | Shoals:4 | Found Aseni's General Store.
 38334 | Shoals:4 | Reached XP level 20. HP: 159/159 MP: 20/20
 38396 | Shoals:4 | Noticed Ilsuiw
 38431 | Shoals:4 | Banished Ilsuiw
 38482 | Shoals:4 | HP: 3/159 [alligator snapping turtle (17)]
 38488 | Shoals:4 | HP: 3/159 [poisoned by a merfolk javelineer]
 38496 | Shoals:3 | HP: 4/159 [poisoned by a merfolk javelineer]
 39781 | Shoals:4 | Got a barnacled rune of Zot
 39958 | Shoals:4 | Got a coiled sapphire amulet
 39959 | Shoals:4 | Identified the amulet "Waiq" {Fragile +Rage Str+4 Dex+3} (You found it on level 4 of the Shoals)
 40250 | Snake:1  | Entered Level 1 of the Snake Pit
 40449 | Snake:1  | Noticed Aizul
 40453 | Snake:1  | Reached skill level 15 in Fighting
 40463 | Snake:1  | Killed Aizul
 40463 | Snake:1  | Received a gift from Trog
 40802 | Snake:1  | Found Qicwa's Antique Weapon Shop.
 41380 | Snake:2  | Noticed senny's ghost (journeyman MiBe)
 41781 | Snake:2  | Received a gift from Trog
 42744 | Snake:3  | Noticed Louise
 42785 | Snake:3  | Killed Louise
 43259 | Snake:4  | Entered Level 4 of the Snake Pit
 43330 | Snake:3  | HP: 3/168 [naga sharpshooter/bolt (19)]
 43708 | Snake:3  | Reached XP level 21. HP: 153/175 MP: 21/21
 43801 | Snake:4  | Found a runed door.
 43835 | Snake:4  | Received a gift from Trog
 43916 | Snake:4  | Noticed Vashnia
 44520 | Snake:4  | Banished Vashnia
 44899 | Snake:4  | Received a gift from Trog
 45180 | Snake:4  | Got a shimmering hat
 45181 | Snake:4  | Identified the +0 hat of Tulips {Str+6} (You found it on level 4 of the Snake Pit)
 45514 | Snake:4  | Got a serpentine rune of Zot
 46310 | D:15     | Found a staircase to the Depths.
 46430 | D:15     | Noticed Agnes
 46672 | D:15     | Received a gift from Trog
 46728 | D:15     | Killed Agnes
 47095 | Vaults:1 | Entered Level 1 of the Vaults
 47156 | Vaults:1 | Gained mutation: You are dopey. (Int -2) [mutagenic meat]
 47157 | Vaults:1 | Gained mutation: You are partially covered in thin metallic scales. (AC +2) [mutagenic meat]
 47387 | Vaults:1 | Gained mutation: Armour fits poorly on your strangely shaped body. [mutagenic meat]
 47389 | Vaults:1 | Lost mutation: You are dopey. (Int -2) [mutagenic meat]
 47390 | Vaults:1 | Gained mutation: Your natural rate of healing is unusually fast. [mutagenic meat]
 47390 | Vaults:1 | Lost mutation: You are partially covered in thin metallic scales. (AC +2) [potion of mutation]
 47390 | Vaults:1 | Gained mutation: You passively map a small area around you. [potion of mutation]
 47391 | Vaults:1 | Gained mutation: You occasionally shout uncontrollably at your foes. [potion of mutation]
 47391 | Vaults:1 | Gained mutation: You are frail. (-10% HP) [potion of mutation]
 47392 | Vaults:1 | Gained mutation: You have an increased reservoir of magic. (+10% MP) [potion of mutation]
 47393 | Vaults:1 | Lost mutation: You occasionally shout uncontrollably at your foes. [potion of cure mutation]
 47393 | Vaults:1 | Lost mutation: Armour fits poorly on your strangely shaped body. [potion of cure mutation]
 47393 | Vaults:1 | Lost mutation: Your spells are a little easier to cast, but a little less powerful. [potion of cure mutation]
 47393 | Vaults:1 | Lost mutation: You are frail. (-10% HP) [potion of cure mutation]
 47393 | Vaults:1 | Lost mutation: You passively map a small area around you. [potion of cure mutation]
 47393 | Vaults:1 | Lost mutation: You have an increased reservoir of magic. (+10% MP) [potion of cure mutation]
 47481 | Vaults:1 | Reached XP level 22. HP: 192/192 MP: 22/22
 47515 | Vaults:1 | Received a gift from Trog
 48358 | Vaults:2 | Received a gift from Trog
 48406 | Vaults:2 | Gained mutation: Your muscles are strong. (Str +2) [mutagenic meat]
 48581 | Vaults:2 | Gained mutation: Potions and wands are less effective at restoring your health. [mutagenic meat]
 48582 | Vaults:2 | Gained mutation: Your magical capacity is low. (-10% MP) [mutagenic meat]
 48583 | Vaults:2 | Gained mutation: You are resistant to electric shocks. (rElec) [mutagenic meat]
 48584 | Vaults:2 | Gained mutation: Potions and wands are poor at restoring your health. [mutagenic meat]
 49171 | Vaults:3 | Found Ukao's Weapon Emporium.
 49362 | Vaults:3 | Received a gift from Trog
 50389 | Vaults:4 | Found Puwiaw's Gadget Shoppe.
 50452 | Vaults:4 | Reached XP level 23. HP: 205/207 MP: 20/20
 51120 | Vaults:4 | Received a gift from Trog
 51495 | Vaults:5 | Entered Level 5 of the Vaults
 51495 | Vaults:5 | Noticed dxctxrx's ghost (master GrEE)
 51721 | Vaults:5 | Received a gift from Trog
 51774 | Vaults:5 | Killed from afar by dxctxrx's ghost

Skill      XL: |  1  2  3  4  5  6  7  8  9 10 11 12 13 14 15 16 17 18 19 20 21 22 23 |
---------------+----------------------------------------------------------------------+-----
Polearms       | 5 6 8 9 11 12 15 16 21 24 27 | 27.0
Fighting       | 8 14 17 20 23 24 | 24.7
Dodging        | 6 10 12 | 12.0
Armour         | 5 9 12 14 16 18 | 18.0

Action                   |  1- 3 |  4- 6 |  7- 9 | 10-12 | 13-15 | 16-18 | 19-21 | 22-24 || total
-------------------------+-------+-------+-------+-------+-------+-------+-------+-------++-------
Melee: Spear             |    75 |   231 |       |       |       |       |       |       ||   306
       Unarmed           |    23 |       |       |       |       |       |       |       ||    23
       Scythe            |       |     6 |   186 |       |       |       |       |       ||   192
       Halberd           |       |       |    80 |   440 |  1312 |  1239 |       |       ||  3071
       Tailslap          |       |       |     1 |       |    14 |     9 |    28 |       ||    52
       Bardiche          |       |       |       |       |    36 |    15 |       |       ||    51
       Glaive            |       |       |       |       |       |   235 |  1810 |   935 ||  2980
Invok: Berserk           |       |     2 |     4 |     4 |     6 |     7 |     4 |     1 ||    28
       Trog's Hand       |       |     1 |       |     3 |     7 |    25 |    19 |     7 ||    62
       Burn Spellbooks   |       |       |       |     3 |     5 |     2 |    11 |     1 ||    22
       Brothers in Arms  |       |       |       |       |       |     1 |       |     1 ||     2
Evoke: Wand              |       |       |       |       |     1 |     5 |     2 |       ||     8
  Use: Scroll            |       |       |     2 |    11 |    24 |     2 |    23 |     4 ||    66
       Potion            |       |       |       |    12 |     7 |     3 |     8 |     3 ||    33
 Stab: Distracted        |       |       |       |       |     1 |       |       |       ||     1
       Petrified         |       |       |       |       |     2 |       |       |       ||     2
       Sleeping          |       |       |       |       |       |     1 |       |       ||     1
       Confused          |       |       |       |       |       |       |       |     1 ||     1
  Eat: Chunk             |     2 |     4 |    10 |     9 |    12 |     8 |    11 |    19 ||    75
       Bread ration      |       |     1 |     2 |     2 |     4 |     7 |     7 |       ||    23
       Fruit             |       |     1 |     2 |       |     5 |       |     2 |     1 ||    11
       Beef jerky        |       |       |     1 |       |       |     1 |       |       ||     2
       Pizza             |       |       |     1 |       |       |       |       |       ||     1
       Royal jelly       |       |       |       |     1 |     1 |     1 |     1 |       ||     4
       Meat ration       |       |       |       |       |     2 |     2 |     2 |     1 ||     7
Armor: Animal skin       |     4 |       |       |       |       |       |       |       ||     4
       Skin              |     5 |       |       |       |       |       |       |       ||     5
       Ring mail         |     3 |       |       |       |       |       |       |       ||     3
       Scale mail        |     3 |    63 |    92 |    96 |   222 |       |       |       ||   476
       Plate armour      |       |       |       |       |   570 |   874 |  1116 |   551 ||  3111
Dodge: Dodged            |    59 |    95 |   149 |   148 |   614 |   482 |   874 |   453 ||  2874
